 Dungeon Crawl Stone Soup version 0.32-a0-33-g74fbe46 (webtiles) character file.

Game seed: 13787348802983855927

7 Dorkslayer the Ruffian (level 2, -1/18 HPs)
             Began as an Octopode Shapeshifter on Jan 20, 2024.
             Slain by a hobgoblin (4 damage)
             ... on level 1 of the Dungeon.
             The game lasted 00:00:16 (102 turns).

Dorkslayer the Ruffian (Octopode Shapeshifter)       Turns: 102, Time: 00:00:17

Health: -1/18      AC:  1    Str: 13    XL:     2   Next: 4%
Magic:  2/2        EV: 13    Int: 12    God:
Gold:   0          SH:  0    Dex: 11    Spells: 1/1 levels left

rFire   . .          .
                       - Unarmed
rCold   . . .        (no shield)
rNeg    . . .        (helmet currently unavailable)
rPois   .            (no amulet)
rElec   .            (no ring)
rCorr   .            (no ring)
SInv    .            (no ring)
Will    .....        (no ring)
Stlth   ++           (no ring)
HPRegen 0.23/turn    (no ring)
MPRegen 0.08/turn    (no ring)
                     (no ring)

%: no passive effects
@: beast-form
A: beast (slay +1), almost no armour, amphibious, 8 rings, camouflage 1,
gelatinous body 1, (nimble swimmer 1), tentacles
a: Begin Untransformation


You were on level 1 of the Dungeon.
You were a hulking beast.
You visited 1 branch of the dungeon, and saw 1 of its levels.

Inventory:

Talismans
 b - a beast talisman
 c - a flux talisman
Potions
 a - a potion of lignification
 d - a potion of brilliance {unknown}


   Skills:
 + Level 1.0 Fighting
 + Level 2.0 Dodging
 * Level 3.5 Unarmed Combat
 + Level 3.0 Shapeshifting


You had one spell level left.
You didn't know any spells.
Your spell library was empty.

Dungeon Overview and Level Annotations

Branches:
Dungeon (1/15)

Altars:


Innate Abilities, Weirdness & Mutations

You are a hulking beast.
Your limbs bulge with bestial killing power. (Slay +1)
You cannot wear most types of armour.
You are amphibious.
You can wear up to eight rings at the same time.
Your skin changes colour to match your surroundings (Stealth+).
Your rubbery body absorbs attacks. (AC +1, EV +1)
((You are camouflaged when in or above water. (Stealth+)))
You have tentacles for arms and can constrict up to eight enemies at once.


Message History

a +0 whip; 5 stones; a kobold corpse The kobold closely misses you.
You miss the kobold. Your grab misses the kobold. You squeeze the kobold.
You kill the kobold!
You miss the goblin. You grab the goblin. You constrict the goblin.
The goblin completely misses you.
You bludgeon the goblin!
You kill the goblin!
Items here: ( )) †.
d - a sedimented white potion
Items here: ( )) †.
Things that are here:
a +0 whip; 5 stones; a kobold corpse A goblin comes into view.
It is wielding a +0 dagger.
The goblin shouts!
A kobold and a hobgoblin come into view.
The kobold shouts!
The hobgoblin shouts!
A bat comes into view.
The goblin hits you with a +0 dagger. The goblin hits you with a +0 dagger.
A goblin comes into view. It is wielding a +0 dagger.
The kobold barely misses you. The goblin hits you with a +0 dagger.
You tentacle-slap the kobold.
You kill the kobold!
The goblin hits you with a +0 dagger.
You have reached level 2!
You tentacle-slap the goblin.
You kill the goblin!
The hobgoblin hits you but does no damage.
The hobgoblin attacks as it pursues you!
The hobgoblin hits you.
You tentacle-slap the hobgoblin but do no damage.
You grab the hobgoblin.
You constrict the hobgoblin, but do no damage.
The hobgoblin hits you.
* * * LOW HITPOINT WARNING * * *
You tentacle-slap the hobgoblin but do no damage.
You constrict the hobgoblin, but do no damage.
The hobgoblin hits you.
You die...

#.....###≈≈##≈.)......##.#
#.....~≈≈≈#≈≈#...........#
#....##≈≈≈≈≈≈##........#
#....#≈≈#≈≈≈#≈~.#.....##
.###.#≈≈≈≈≈≈≈≈#...##..#####.#
. ..#≈≈#≈≈#≈##..#.#....$...#
#..#≈≈≈≈≈≈#...#...###..###
...###≈≈#≈#..##..## ##....
#.. #~##....hg.)#...# ### ...
........##g).# #.##.##
#..#...# #. #g.##.## .. #...
.# .. #.... . # ....## b
#.... #...#.


You could see a hobgoblin and a goblin.

Vanquished Creatures
  A ball python (D:1)
  2 goblins (D:1)
  3 kobolds (D:1)
  A rat (D:1)
7 creatures vanquished.

Notes
Turn   | Place    | Note
-------+----------+-------------------------------------------
     0 | D:1      | Dorkslayer the Octopode Shapeshifter began the quest for
                  | the Orb.
     0 | D:1      | Reached XP level 1. HP: 13/13 MP: 1/1
    98 | D:1      | Reached XP level 2. HP: 10/18 MP: 2/2
   102 | D:1      | Slain by a hobgoblin

Illustrated notes

Levels and vault maps discovered:
D:1:      minmay_arrival_plants_in_alcoves, layout_basic, minivault_4,
          minmay_ruptured

Action                     || total
---------------------------++-------
  Melee: Unarmed           ||    13
         Constrict         ||     4
         Tentacles         ||     2
   Stab: Sleeping          ||     1
 Armour: Skin              ||    10
  Dodge: Dodged            ||     7

Table legend: (Time is in decaauts)
 A = Elapsed time spent in this place.
 B = Non-inter-level travel time spent in this place.
 C = Inter-level travel time spent in this place.
 D = Time resting spent in this place.
 E = Time spent auto-exploring this place.
 F = Levels seen in this place.
 G = Mean time per level.
                   A        B        C        D        E       F      G
               +--------+--------+--------+--------+--------+-----+--------+
         Total |    101 |    101 |      0 |      0 |     54 |   1 |  101.0 |
       Dungeon |    101 |    101 |      0 |      0 |     54 |   1 |  101.0 |
               +--------+--------+--------+--------+--------+-----+--------+

Top non-repeatable levels by time:
     D:1: 101 daAuts
